 Dungeon Crawl Stone Soup version 0.30.0-5-g1a98f26d00 (webtiles) character file.

Game seed: 11082221942497271732

45 nshep25 the Insei (level 3, -1/29 HPs)
             Began as a Demonspawn Monk on May 11, 2023.
             Slain by Sigmund
             ... wielding a +0 scythe
              (4 damage)
             ... on level 2 of the Dungeon.
             The game lasted 00:02:56 (1286 turns).

nshep25 the Insei (Demonspawn Monk)                 Turns: 1286, Time: 00:02:56

Health: -1/29      AC:  4    Str: 13    XL:     3   Next: 42%
Magic:  3/3        EV: 12    Int: 11    God:
Gold:   115        SH:  5    Dex: 15    Spells: 2/2 levels left

rFire   . .          .
                       - Unarmed
rCold   . . .        g - +2 buckler
rNeg    . . .        r - +1 leather armour {rPois}
rPois   +            (no helmet)
rElec   .            (no cloak)
rCorr   .            (no gloves)
SInv    .            (no boots)
Will    .....        (no amulet)
Stlth   +            (no ring)
HPRegen 0.24/turn    (no ring)
MPRegen 0.08/turn

%: no passive effects
@: no status effects
A: spiny 1
a: no special abilities


You were on level 2 of the Dungeon.
You visited 1 branch of the dungeon, and saw 2 of its levels.

You collected 115 gold pieces.

Inventory:

Missiles
 m - 4 poisoned darts
 t - 15 stones (quivered)
Armour
 a - a +0 robe
 c - an orb of light
 g - a +2 buckler (worn)
 k - a +0 leather armour
 r - a +1 leather armour of poison resistance (worn)
Jewellery
 j - a ring of positive energy
Scrolls
 d - a scroll of fear {unknown}
 h - a scroll of amnesia {unknown}
 i - a scroll of enchant armour {unknown}
 l - 3 scrolls of identify {unknown}
 n - a scroll of noise {unknown}
 o - 2 scrolls of teleportation {unknown}
 q - a scroll of poison {unknown}
 s - a scroll of fog {unknown}
Potions
 b - a potion of ambrosia
 e - a potion of magic {unknown}
 f - a potion of attraction {unknown}
 p - a potion of lignification {unknown}


   Skills:
 + Level 3.2 Fighting
 + Level 0.3 Throwing
 + Level 3.2 Dodging
 + Level 3.3 Unarmed Combat


You had 2 spell levels left.
You didn't know any spells.
Your spell library contained the following spells:

 Spells                   Type           Power      Damage    Failure   Level
 Apportation              Tloc           0%         N/A       54%         1
 Necrotise                Necr           0%         1d4       54%         1
 Summon Small Mammal      Summ           0%         N/A       54%         1
 Scorch                   Fire           0%         2d5       69%         2
 Inner Flame              Hex/Fire       0%         N/A       89%         3
 Flame Wave               Conj/Fire      0%         2d4       100%        4
 Yara's Violent Unravell  Hex/Tmut       0%         3d3       100%        5
 Summon Cactus Giant      Summ           0%         N/A       100%        6
 Enfeeble                 Hex            0%         N/A       100%        7


Dungeon Overview and Level Annotations

Branches:
Dungeon (2/15)

Altars:
Hepliaklqana

Annotations:
D:2 Sigmund


Innate Abilities, Weirdness & Mutations

You are partially covered in sharp spines.


Message History

Sigmund points at you and mumbles some strange words.
You are confused.
You hit Sigmund but do no damage.
Sigmund is lightly wounded.
Sigmund casts a spell at you. The magic dart hits you.
You closely miss Sigmund.
Sigmund is lightly wounded.
Sigmund gestures at you while chanting. You resist with significant effort.
You completely miss Sigmund.
Sigmund is lightly wounded.
Sigmund points at you and mumbles some strange words.
The puff of flame hits you.
Sigmund mumbles some strange words.
Sigmund flickers and vanishes!
Deactivating autopickup; reactivate with Ctrl-A.
You're too confused to move!
You hear some strange, mumbled words.
Something tries to affect you, but you resist.
You feel less confused. Something hits you but does no damage.
Something hits you.
You hit something but do no damage. You closely miss something.
Something hits you.
You hit something but do no damage. Something hits you.
You hit something. You hit something. Something hits you.
You hit something but do no damage. Something hits you but does no damage.
You closely miss something. You hit something. You block something's attack.
You hit something. Something hits you.
You miss something. You barely miss something.
You hear some strange, mumbled words.
A magic dart appears from out of thin air!
The magic dart hits you!
* * * LOW HITPOINT WARNING * * *
You hit something. Something hits you.
You die...

#.# #.# ## #.#
#.########## .# .###.#
##.##........ #.#
.....###...#.##### ...
..†..............# ..# #
.#######...#.###.###..#.#
.# .........###.........
.# #####.............#.#
.# ###..##.@.......# .#
#..##{._....### .#
#...........# .#
............# .#
##.#####.###... ## #. #.#
.### .. ..# # ###


There were no monsters in sight!

Vanquished Creatures
  A worm (D:2)
  2 dart slugs (D:1)
  A bat (D:1)
  4 endoplasms
  3 giant cockroaches (D:1)
  3 goblins (D:1)
  4 hobgoblins
  3 jackals (D:2)
  A quokka (D:1)
  4 ball pythons (D:1)
  4 frilled lizards (D:1)
  2 kobolds (D:1)
  2 rats (D:1)
34 creatures vanquished.

Notes
Turn   | Place    | Note
-------+----------+-------------------------------------------
     0 | D:1      | nshep25 the Demonspawn Monk began the quest for the Orb.
     0 | D:1      | Reached XP level 1. HP: 18/18 MP: 1/1
    67 | D:1      | Found a faded altar of an unknown god.
   107 | D:1      | Gained mutation: You are partially covered in sharp spines.
                  | [demonic ancestry]
   107 | D:1      | Reached XP level 2. HP: 19/24 MP: 2/2
   611 | D:1      | Reached XP level 3. HP: 29/29 MP: 3/3
  1261 | D:2      | Found a hazy altar of Hepliaklqana.
  1264 | D:2      | Noticed Sigmund
  1286 | D:2      | Slain by Sigmund

Illustrated notes

Levels and vault maps discovered:
D:1:      dpeg_arrival_court, layout_rooms, shapermc_ecumenical_altar_venn
D:2:      layout_loops_ring, serial_shops, shop, basic_altar, minmay_liquid_box,
          minmay_distorted, uniq_sigmund, uniq_crazy_yiuf_cottage

Skill      XL: |  1  2 |
---------------+-------+-----
Dodging        | 3 |  3.2
Unarmed Combat | 3 |  3.3
Fighting       | |  3.2
Throwing       | |  0.3

Action                     || total
---------------------------++-------
  Melee: Unarmed           ||   100
  Throw: Dart              ||    18
         Throwing net      ||     2
         Stone             ||    17
   Stab: Sleeping          ||     1
 Armour: Robe              ||     6
         Leather armour    ||     8
  Dodge: Dodged            ||    52
  Block: Buckler           ||    10
